 Dungeon Crawl Stone Soup version 0.29-a0-294-g83ea962da3 (webtiles) character file.

Game seed: 1769403219899147143

13 sanka the Ducker (level 2, 29/29 HPs)
             Began as a Gnoll Monk on Mar 18, 2022.
             Was an Initiate of Gozag.
             Quit the game on level 1 of the Dungeon.
             The game lasted 00:00:31 (242 turns).

sanka the Ducker (Gnoll Monk)                        Turns: 242, Time: 00:00:31

Health: 29/29      AC:  2    Str: 10    XL:     2   Next: 37%
Magic:  2/2        EV: 15    Int:  9    God:    Gozag
Gold:   8          SH:  0    Dex: 14    Spells: 1/1 levels left

rFire   . . .      SeeInvis .   a - +0 hand axe
rCold   . . .      Faith    .   (no shield)
rNeg    . . .      Spirit   .   b - +0 robe
rPois   .          Reflect  .   (no helmet)
rElec   .          Harm     .   (no cloak)
rCorr   .          Rampage  .   (no gloves)
Will    .....                   (no boots)
Stlth   +++.......              (no amulet)
HPRegen 0.09/turn               (no ring)
MPRegen 0.08/turn               (no ring)

@: no status effects
A: fangs 1, strong nose, distributed training
a: Renounce Religion, Potion Petition, Call Merchant, Bribe Branch


You were on level 1 of the Dungeon.
You worshipped Gozag.
Gozag was noncommittal.
You visited 1 branch of the dungeon, and saw 1 of its levels.

You collected 8 gold pieces.


Innate Abilities, Weirdness & Mutations

You have very sharp teeth.
Your uncanny sense of smell can sniff out nearby items.
Your experience applies equally to all skills.


   Skills:
 + Level 6.5 Fighting
 + Level 0.4 Short Blades
 + Level 0.4 Long Blades
 + Level 6.5 Axes
 + Level 0.4 Maces & Flails
 + Level 0.4 Polearms
 + Level 0.4 Staves
 + Level 0.4 Slings
 + Level 0.4 Bows
 + Level 0.4 Crossbows
 + Level 0.4 Throwing
 + Level 0.4 Armour
 + Level 6.5 Dodging
 + Level 4.1 Stealth
 + Level 0.4 Shields
 + Level 0.4 Unarmed Combat
 + Level 0.4 Spellcasting
 + Level 0.2 Conjurations
 + Level 0.2 Hexes
 + Level 0.2 Summonings
 + Level 0.2 Necromancy
 + Level 0.2 Translocations
 + Level 0.2 Transmutations
 + Level 0.2 Fire Magic
 + Level 0.2 Ice Magic
 + Level 0.2 Air Magic
 + Level 0.2 Earth Magic
 + Level 0.2 Poison Magic
 + Level 0.5 Invocations
 + Level 0.4 Evocations


You had one spell level left.
You didn't know any spells.
Your spell library contained the following spells:

 Spells                   Type           Power      Damage    Failure   Level
 Airstrike                Air            0%         N/A       98%         4
 Summon Lightning Spire   Summ/Air       0%         N/A       98%         4
 Lightning Bolt           Conj/Air       0%         1d11      100%        5

Inventory:

Hand Weapons
 a - a +0 hand axe (weapon)
Armour
 b - a +0 robe (worn)
Potions
 c - a potion of ambrosia
 d - a potion of mutation {unknown}
 e - a potion of degeneration {unknown}
 f - a potion of curing {unknown}

Dungeon Overview and Level Annotations

Branches:
Dungeon (1/15)

Altars:
Gozag

...........▒..▒
(..(..............£....
...........▒.▒..........
....▒▒▒....▒............
.▒▒▒▒▒▒.................
▒ ▒▒..▒.▒▒.....P.f..▒.
▒▒▒▒▒..▒▒.▒▒.f♣♣.f♣.K...
......††..▒▒..♣..♣.f....
▒▒▒..........fPPg.♣.....
▒.......▒....f)Pf.....
▒.......▒▒..♣..ff.....
▒.......▒▒............
.....[...▒▒▒....?.....(
.▒▒.......▒ ▒▒▒▒▒▒▒.....
▒.......▒ .....
▒.......▒ ▒▒▒▒▒


You could see a kobold.


Message History

A goblin comes into view. It is wielding a +0 dagger.
Found a faded altar of an unknown god.
Found a scroll labelled QUP UKHLYRIOS.
Found 11 gold pieces.
The goblin shouts!
You hear a shout!
You hit the goblin.
You kill the goblin!
You hit the fungus.
The fungus begins to die.
You hit the fungus.
The fungus begins to die.
You hit the fungus.
The fungus begins to die.
A kobold comes into view. It is wielding a +0 dagger.
Found 4 poisoned darts.
The kobold shouts!
You see here a +0 dagger.
There is a faded altar of an unknown god here.
You cannot tell which god this altar belongs to.
Convert to them anyway?
Gozag accepts your prayer! Gozag welcomes you!
Gozag waives the service fee.
A nearby fungus withers and dies.
A nearby fungus withers and dies.
Unknown command.
Press < or > to pray at altars.
Unknown command.
Press < or > to pray at altars.
Are you sure you want to abandon this character and quit the game? (Confirm with "yes".)

Action                   || total
-------------------------++-------
Melee: Hand axe          ||    23
       Bite              ||     2
 Stab: Sleeping          ||     1
Armor: Robe              ||     2
Dodge: Dodged            ||    13

Levels and vault maps discovered:
D:1:      ldierk_water_garden, layout_rooms, dreamdust_ecumenical_altar_grove

Notes
Turn   | Place    | Note
-------+----------+-------------------------------------------
     0 | D:1      | sanka the Gnoll Monk began the quest for the Orb.
     0 | D:1      | Reached XP level 1. HP: 23/23 MP: 1/1
   117 | D:1      | Reached XP level 2. HP: 19/29 MP: 2/2
   230 | D:1      | Found a faded altar of an unknown god.
   241 | D:1      | Prayed at the altar of an unknown god.
   241 | D:1      | Became a worshipper of Gozag Ym Sagoz the Greedy
   242 | D:1      | Quit the game

Vanquished Creatures
  3 goblins (D:1)
  A hobgoblin (D:1)
  3 jackals (D:1)
  A ball python (D:1)
  A bat (D:1)
  A frilled lizard (D:1)
  2 rats (D:1)
12 creatures vanquished.

Vanquished Creatures (others)
  2 fungi (D:1)
  4 toadstools (D:1)
6 creatures vanquished.

Grand Total: 18 creatures vanquished
